 Dungeon Crawl Stone Soup version 0.28.0-43-g3370ac3207 (webtiles) character file.

Game seed: 11687006491104237205

97 GreyFruit the Conjurer (level 4, -5/33 HPs)
             Began as a Draconian Conjurer on Mar 15, 2022.
             Killed from afar by Sigmund (7 damage)
             ... with a magic dart
             ... on level 3 of the Dungeon.
             The game lasted 00:02:42 (2665 turns).

GreyFruit the Conjurer (Draconian Conjurer)         Turns: 2665, Time: 00:02:43

Health: -5/33      AC:  5    Str: 10    XL:     4   Next: 42%
Magic:  8/8        EV: 12    Int: 20    God:
Gold:   97         SH:  0    Dex:  9    Spells: 7/8 levels left

rFire   . . .      SeeInvis .   f - +2 mace (drain)
rCold   . . .      Faith    .   (no shield)
rNeg    . . .      Spirit   .   (armour unavailable)
rPois   .          Reflect  .   (helmet restricted)
rElec   .          Harm     .   (no cloak)
rCorr   .          Rampage  .   (no gloves)
Will    .....                   (no boots)
Stlth   ++........              i - amulet of the acrobat
HPRegen 0.11/turn               (no ring)
MPRegen 0.11/turn               (no ring)

@: no status effects
A: AC +5, unfitting armour, cold-blooded
a: no special abilities


You were on level 3 of the Dungeon.
You visited 1 branch of the dungeon, and saw 3 of its levels.

You collected 97 gold pieces.

Inventory:

Hand Weapons
 f - a +2 mace of draining (weapon)
Missiles
 g - 2 throwing nets
Jewellery
 i - an amulet of the acrobat (around neck)
Scrolls
 e - a scroll of teleportation {unknown}
 h - a scroll of noise {unknown}
Potions
 a - a potion of cancellation {unknown}
 b - a potion of invisibility {unknown}
 c - 3 potions of curing {unknown}
 d - a potion of brilliance {unknown}


   Skills:
 + Level 2.5 Dodging
 + Level 2.7 Stealth
 + Level 2.7 Spellcasting
 + Level 4.6 Conjurations


You had 7 spell levels left.
You knew the following spells:

 Your Spells              Type           Power      Damage    Failure   Level
a - Magic Dart            Conj           84%        1d7       2%          1

Your spell library contained the following spells:

 Spells                   Type           Power      Damage    Failure   Level
 Searing Ray              Conj           42%        2d6       3%          2
 Beastly Appendage        Tmut           4%         N/A       14%         1
 Dazzling Flash           Conj/Hex       22%        N/A       17%         3
 Ensorcelled Hibernation  Hex/Ice        4%         N/A       22%         2
 Wereblood                Tmut           2%         N/A       22%         2
 Call Canine Familiar     Summ           2%         N/A       41%         3
 Portal Projectile        Hex/Tloc       4%         N/A       41%         3
 Spider Form              Tmut/Pois      2%         N/A       41%         3
 Fulminant Prism          Conj/Hex       5%         3d7       50%         4
 Iskenderun's Mystic Bla  Conj/Tloc      11%        2d4       50%         4
 Anguish                  Hex/Necr       1%         N/A       82%         4
 Leda's Liquefaction      Hex/Erth       1%         N/A       82%         4


Dungeon Overview and Level Annotations

Branches:
Dungeon (3/15)

Altars:

Shops:
D:2 ![

Annotations:
D:3 Grinder, Sigmund


Innate Abilities, Weirdness & Mutations

Your plain brown scales are hard. (AC +5)
You cannot fit into any form of body armour.
You are cold-blooded and may be slowed by cold attacks.


Message History

Sigmund closely misses you. The endoplasm closely misses you.
The endoplasm hits you but does no damage.
You barely miss Sigmund.
Sigmund is moderately wounded.
Sigmund mumbles some strange words.
Sigmund flickers and vanishes!
Deactivating autopickup; reactivate with Ctrl-A.
The endoplasm freezes you.
You are frozen.
You hear some strange, mumbled words.
Something tries to affect you, but you resist.
You hit something. You tail-slap something.
The endoplasm hits you but does no damage.
Something hits you!
You sock something! The endoplasm misses you. Something hits you.
The endoplasm freezes you.
You are frozen.
You feel yourself slow down.
You closely miss something. The endoplasm freezes you.
You are frozen.
Something hits you but does no damage. The endoplasm freezes you.
You are frozen.
You feel as though you will be slow longer.
You barely miss something. Something hits you.
* * * LOW HITPOINT WARNING * * *
The endoplasm closely misses you. x2; Something hits you.
* * * LOW HITPOINT WARNING * * *
You miss something. The endoplasm barely misses you.
Something hits you but does no damage. The endoplasm hits you.
* * * LOW HITPOINT WARNING * * *
Unknown command.
You closely miss something.
You feel yourself speed up. The endoplasm freezes you.
You are frozen.
* * * LOW HITPOINT WARNING * * *
You hear some strange, mumbled words.
A magic dart appears from out of thin air!
The magic dart hits you!
You die...

.......<.....####.# #..
....#..........##.# #.. #
.#.#.###..#.##ยง#######..
..........#.##..........
...#.#<..#..#.###########.
#.(.#..........# #.
....#.###.#....# #. ..
....##.#....# ##
#....{@....# ......J....##
######.#.#.# ....#.#
...###.. #.## ### #. #.


You could see an endoplasm.

Vanquished Creatures
  4 adders (D:2)
  2 worms (D:2)
  A dart slug (D:2)
  4 bats
  9 endoplasms
  A giant cockroach (D:1)
  6 goblins (D:1)
  5 hobgoblins
  A quokka (D:1)
  10 ball pythons
  A frilled lizard (D:1)
  3 kobolds (D:1)
  3 rats (D:2)
50 creatures vanquished.

Notes
Turn   | Place    | Note
-------+----------+-------------------------------------------
     0 | D:1      | GreyFruit the Draconian Conjurer began the quest for the
                  | Orb.
     0 | D:1      | Reached XP level 1. HP: 14/14 MP: 3/3
   242 | D:1      | Reached XP level 2. HP: 20/20 MP: 1/5
   944 | D:1      | Reached XP level 3. HP: 26/26 MP: 1/6
  1491 | D:2      | Found a faded altar of an unknown god.
  1828 | D:2      | Found Ludaghy's Antique Armour Boutique.
  1904 | D:2      | Reached XP level 4. HP: 33/33 MP: 5/7
  2142 | D:2      | Found Zecsir's Distillery.
  2467 | D:3      | Noticed Grinder
  2654 | D:3      | Noticed Sigmund
  2665 | D:3      | Killed from afar by Sigmund

Illustrated notes

Levels and vault maps discovered:
D:1:      minmay_arrival_pointy, layout_loops_ring
D:2:      layout_loops_ring, nicolae_ecumenical_snake_handling, serial_shops,
          nicolae_shop_window_shopping, shop, amcnicky_mini_pool_small
D:3:      layout_loops_ring, uniq_grinder, uniq_sigmund, uniq_ijyb

Skill      XL: |  1 |
---------------+----+-----
Stealth        | 2 |  2.7
Dodging        | 2 |  2.5
Spellcasting   | |  2.7
Conjurations   | |  4.6

Action                   |  1- 3 |  4- 6 || total
-------------------------+-------+-------++-------
Melee: Mace              |    13 |    10 ||    23
       Tailslap          |     1 |     2 ||     3
       Punch             |     1 |       ||     1
 Cast: Magic Dart        |    82 |    24 ||   106
 Stab: Sleeping          |       |     1 ||     1
Armor: Skin              |     2 |     7 ||     9
Dodge: Dodged            |    11 |    15 ||    26
